 Dungeon Crawl Stone Soup version 0.28.0-1-gb440e238dd (webtiles) character file.

Game seed: 6608837419054965526

4 RascalDebosk the Vexing (level 1, -4/7 HPs)
             Began as a Felid Enchanter on Feb 27, 2022.
             Slain by a gnoll (11 damage)
             ... on level 1 of the Dungeon.
             The game lasted 00:04:30 (279 turns).

RascalDebosk the Vexing (Felid Enchanter)            Turns: 279, Time: 00:04:30

Health: -4/7       AC:  1    Str:  4    XL:     1   Next: 50%
Magic:  4/4        EV: 17    Int: 16    God:
Gold:   2          SH:  0    Dex: 16    Spells: 4/4 levels left
                                        Lives:  0   Deaths: 0

rFire   . . .      SeeInvis +     - Unarmed
rCold   . . .      Faith    .   (shield unavailable)
rNeg    . . .      Spirit   .   (armour unavailable)
rPois   .          Reflect  .   (helmet unavailable)
rElec   .          Harm     .   (cloak unavailable)
rCorr   .          Rampage  .   (gloves unavailable)
Will    .....                   (boots unavailable)
Stlth   +++.......              (no amulet)
HPRegen 0.02/turn               (no ring)
MPRegen 0.09/turn               (no ring)

@: quick
A: very small, claws 1, fangs 3, see invisible, speed 1, shaggy fur 1, stealthy
paws, no weapons or thrown items, no armour, multi-lived
a: no special abilities


You were on level 1 of the Dungeon.
You visited 1 branch of the dungeon, and saw 1 of its levels.

You collected 2 gold pieces.

Inventory:

Scrolls
 b - a scroll of identify {unknown}
Potions
 a - a potion of invisibility


   Skills:
 * Level 2.8 Dodging
 * Level 4.1 Stealth
 + Level 1.0 Unarmed Combat
 + Level 2.0 Spellcasting
 * Level 4.5 Hexes
 * Level 0.2 Ice Magic


You had 4 spell levels left.
You didn't know any spells.
Your spell library contained the following spells:

 Spells                   Type           Power      Damage    Failure   Level
 Confusing Touch          Hex            16%        N/A       10%         3
 Tukima's Dance           Hex            16%        N/A       10%         3
 Ensorcelled Hibernation  Hex/Ice        18%        N/A       12%         2
 Dazzling Flash           Conj/Hex       16%        N/A       24%         3


Dungeon Overview and Level Annotations

Branches:
Dungeon (1/15)

Altars:


Innate Abilities, Weirdness & Mutations

You have sharp claws.
You have razor-sharp teeth.
You have supernaturally acute eyesight. (SInv)
You cover ground quickly. (Speed+)
You are covered in fur. (AC +1)
Your paws help you pounce on unaware monsters.
You are incapable of wielding weapons or throwing items.
You cannot wear armour.
You gain extra lives every three experience levels.


Message History

You start resting.
HP restored.
There is an open door here.
Found a scroll labelled ADIPNI UWAICI.
Found a whip.
Found a stone staircase leading down.
b - a scroll labelled ADIPNI UWAICI A giant cockroach comes into view.
A jackal comes into view.
The jackal barks!
A jackal comes into view.
You open the door.
There is an open door here.
You scratch the giant cockroach.
The giant cockroach is severely wounded.
The giant cockroach closely misses you.
You scratch the giant cockroach.
You kill the giant cockroach!
The jackal bites you.
You scratch the jackal but do no damage.
The jackal misses you.
You scratch the jackal.
The jackal is severely wounded.
The jackal misses you.
You scratch the jackal.
You kill the jackal!
You start resting.
HP restored.
As you open the door, it creaks loudly!
There is an open door here.
Found a whip.
Found 2 gold pieces.
Found a stone staircase leading down.
A gnoll comes into view. It is wielding a +0 flail.
You now have 2 gold pieces.
The gnoll shouts!
The gnoll closely misses you.
You scratch the gnoll but do no damage. The gnoll hits you with a +0 flail!
Ouch! That really hurt!
You die...

#. .. #. ###.# ...
#.##.#.##....
#............
####..#.#>.......
.......g........# .)
.......@.....##.# ..
.####.#....####.######..
#.#.#...............
###.#.............##..
#.....................
##.....................
.......................
##.......#....≈....≈...
.......................


You could see a gnoll.

Vanquished Creatures
  A ball python (D:1)
  A giant cockroach (D:1)
  A jackal (D:1)
3 creatures vanquished.

Notes
Turn   | Place    | Note
-------+----------+-------------------------------------------
     0 | D:1      | RascalDebosk the Felid Enchanter began the quest for the
                  | Orb.
     0 | D:1      | Reached XP level 1. HP: 7/7 MP: 4/4
   279 | D:1      | Slain by a gnoll

Illustrated notes

Levels and vault maps discovered:
D:1:      psy_arrival_terrarium, layout_basic, skrybe_limestone_x

Action                   || total
-------------------------++-------
Melee: Unarmed           ||     9
Dodge: Dodged            ||     6
